Map: Avalon Labs

Players

hiimanti - Winner!

  • Race: Terran Terran
  • League: Diamond
  • Spawn Location: 6:00

IIIIIIII - Winner!

  • Race: Terran Terran
  • Spawn Location: 6:00

Mojho - Winner!

  • Race: Zerg Zerg
  • Spawn Location: 5:00

Loken

  • Race: Protoss Protoss
  • League: Platinum
  • Spawn Location: 11:00

dallaskuken

  • Race: Protoss Protoss
  • League: Platinum
  • Spawn Location: 12:00

Myran

  • Race: Protoss Protoss
  • Spawn Location: 12:00

VOD

Have the link to the VOD?

Description

Time

  • Played on: April 4, 2017, 5:49 p.m.
  • Length: 20:36
Show
View Real Time Build Order
Export as new Build Order

hiimanti Terran - Winner!

Build Orders: Reaper Expand, MMM Bio 

Get SALT Encoding   

  12  0:00  SCV  
  13  0:13  SCV  
  14  0:19  Supply Depot  
  14  0:25  SCV  
  15  0:40  SCV  
  16  0:45  Barracks  
  16  0:49  Refinery  
  16  0:52  SCV  
  17  1:04  SCV  
  18  1:17  SCV  
  19  1:32  Orbital Command  
  19  1:33  Reaper  
  20  1:53  Command Center  
  20  2:05  SCV  
  20  2:08  Barracks Reactor, Refinery  
  20  2:18  Supply Depot, Barracks Tech Lab  
  20  2:26  SCV, Factory  
  21  2:38  SCV  
  22  2:46  Marauder  
  23  2:54  Supply Depot  
  23  2:55  SCV  
  24  3:07  SCV  
  24  3:08  Marauder, Barracks  
  27  3:13  Orbital Command  
  27  3:21  Supply Depot  
  27  3:23  Factory Tech Lab  
  27  3:38  Starport, SCV  
  27  3:39  SCV, Engineering Bay  
  29  3:49  Siege Tank  
  32  3:57  Barracks Tech Lab  
  32  4:02  Barracks Reactor  
  32  4:04  SCV x2  
  34  4:14  Missile Turret  
  34  4:16  SCV  
  34  4:17  SCV  
  36  4:21  Marauder  
  38  4:27  Starport Reactor  
  38  4:28  SCV  
  38  4:29  SCV  
  40  4:35  Command Center  
  40  4:40  Refinery  
  40  4:41  SCV x2  
  42  4:47  Missile Turret  
  42  4:53  SCV x2  
  42  4:54  Stimpack  
  44  5:02  Marine x3  
  44  5:04  Supply Depot  
  44  5:05  SCV  
  44  5:06  Refinery  
  48  5:15  SCV  
  48  5:17  SCV  
  48  5:19  Marine x2  
  52  5:22  Marauder  
  52  5:24  Siege Tank  
  52  5:27  SCV  
  58  5:29  SCV  
  58  5:33  Supply Depot  
  58  5:35  Supply Depot  
  59  5:37  Barracks  
  59  5:39  SCV  
  59  5:41  SCV  
  61  5:50  Marine x2  
  61  5:51  SCV  
  61  5:53  Viking x2  
  61  5:56  Terran Infantry Weapons Level 1  
  68  6:00  Orbital Command  
  68  6:08  Marine  
  68  6:09  Marine  
  70  6:13  Starport, SCV  
  70  6:14  SCV  
  70  6:17  Barracks  
  70  6:18  Marine  
  73  6:23  Siege Tank  
  76  6:25  SCV  
  76  6:26  Marine x2  
  76  6:31  Viking  
  81  6:39  Supply Depot x2  
  81  6:46  Marauder  
  83  6:48  Viking  
  85  6:57  Marine x3  
  86  7:01  Combat Shields  
  86  7:07  Marauder  
  74  7:10  Marine  
  74  7:11  Orbital Command  
  74  7:14  Marine  
  74  7:15  Marine x2  
  75  7:28  Marine  
  75  7:29  Marauder  
  78  7:30  Siege Tank  
  78  7:31  SCV x2  
  78  7:32  Marine x2  
  86  7:42  SCV  
  86  7:43  SCV  
  86  7:44  SCV  
  89  7:47  Viking  
  89  7:49  Barracks Tech Lab  
  89  7:50  Marauder, Marine x2, Barracks Tech Lab  
  89  7:51  Terran Infantry Armor Level 1  
  94  7:54  SCV  
  94  7:55  SCV  
  94  7:56  SCV  
  94  7:58  Starport Reactor  
  97  8:03  Supply Depot  
  97  8:06  SCV, Supply Depot  
  97  8:08  Missile Turret, Marine x2  
  97  8:10  Refinery  
  97  8:11  SCV x2  
  97  8:12  Marauder, Refinery  
  104  8:16  Marauder  
  104  8:17  Marauder  
  104  8:18  SCV  
  109  8:24  Viking, SCV, Supply Depot  
  109  8:26  SCV, Marine  
  114  8:30  SCV  
  114  8:33  Marauder  
  117  8:34  Marine  
  117  8:36  SCV, Marine  
  117  8:37  Marine  
  117  8:38  SCV  
  117  8:39  Supply Depot  
  117  8:41  Supply Depot  
  122  8:42  SCV, Concussive Shells  
  123  8:49  SCV  
  123  8:50  Viking x2  
  123  8:51  Viking, SCV  
  123  8:54  Marauder, SCV  
  123  8:55  Marauder  
  136  8:56  Marauder, Supply Depot  
  136  8:58  Supply Depot  
  136  9:01  SCV  
  139  9:03  SCV  
  139  9:09  Marine  
  140  9:13  Viking  
  140  9:16  Marauder  
  145  9:19  Command Center  
  145  9:24  Supply Depot x2  
  145  9:27  Missile Turret, Engineering Bay  
  145  9:30  Armory  
  145  9:38  Marine x3  
  145  9:39  Marauder, Marine  
  151  9:46  Viking  
  153  9:57  Marauder x2  
  153  9:59  Marine x2  
  159  10:01  Marauder  
  135  10:17  Marine x2  
  135  10:18  Marauder, Marine  
  133  10:21  Marine  
  134  10:29  Viking x2  
  134  10:30  Viking  
  134  10:32  SCV x2  
  134  10:34  Marine  
  134  10:35  SCV, Marine  
  144  10:36  Marine  
  144  10:39  Marine  
  144  10:40  Marauder  
  144  10:42  Orbital Command  
  149  10:44  SCV x2  
  151  10:52  Marine x2  
  151  10:54  Marine  
  151  10:57  Marine  
  151  11:01  Marine, Siege Tank  
  156  11:10  Marine x2  
  158  11:11  Marine  
  158  11:15  Marine  
  150  11:18  Marine  
  150  11:23  SCV  
  150  11:24  SCV x2  
  154  11:27  Refinery  
  154  11:28  Refinery, Marine x2  
  154  11:29  Terran Infantry Weapons Level 2, Terran Infantry Armor Level 2, Marine  
  154  11:30  Barracks  
  154  11:31  Barracks, Terran Ship Weapons Level 1  
  154  11:32  Barracks  
  157  11:33  Marauder, Siege Tank  
  157  11:36  Marine  
  157  11:39  Command Center  
  163  11:46  Marine x2  
  165  11:47  Marine  
  165  11:54  Marine x2  
  166  11:55  Viking x2  
  166  11:56  Viking x2  
  176  12:03  Marine  
  176  12:04  Marine  
  176  12:05  Marine  
  179  12:12  Marine x2  
  181  12:21  Marine x2  
  141  12:23  Marine  
  141  12:25  Viking x3  
  141  12:29  Marine, Command Center  
  146  12:30  Marauder  
  145  12:39  Marine x2  
  145  12:40  Barracks Reactor, Marine  
  145  12:41  Barracks Reactor  
  145  12:43  Barracks Reactor, Medivac  
  148  12:47  Marine  
  149  12:51  Marine  
  149  12:54  Barracks  
  149  12:55  Planetary Fortress, Barracks, Medivac x3  
  149  12:57  Marine x2  
  158  12:58  Marine  
  158  13:05  Marine  
  159  13:09  Marine  
  161  13:13  Medivac  
  161  13:15  Marine x2  
  161  13:16  Marine  
  166  13:22  Marine x6  
  166  13:23  Marine  
  166  13:27  Marine  
  173  13:29  Medivac x3  
  173  13:33  Marine x2  
  182  13:34  Marine  
  182  13:39  Marine  
  182  13:40  Marine x5  
  182  13:41  Marine  
  190  13:42  Marine  
  190  13:43  Viking, Marine  
  190  13:44  Marine  
  181  13:50  Marine x2  
  181  13:52  Marine  
  165  13:58  Marine  
  165  13:59  Viking x2  
  165  14:00  Marine x2  
  165  14:02  Marine  
  168  14:03  Refinery  
  168  14:08  Marine x2  
  168  14:09  Marine  
  164  14:16  Marine  
  160  14:18  Marine x2  
  160  14:20  Marine  
  160  14:24  Command Center  
  135  14:26  Marine x2  
  135  14:27  Marine  
  114  14:34  Marine  
  114  14:36  Marine x2  
  103  14:38  Marauder  
  103  14:44  Marine x2  
  103  14:46  Marauder, Command Center  
  103  14:52  Marine  
  106  14:55  Barracks Reactor  
  106  14:57  Barracks Reactor  
  106  14:59  Marine  
  103  15:02  Marine x2  
  103  15:07  Marine  
  97  15:10  Marine  
  82  15:16  Viking x4  
  82  15:17  Marine  
  82  15:19  Marine  
  82  15:20  Marine  
  82  15:21  Terran Infantry Weapons Level 3  
  87  15:22  Terran Infantry Armor Level 3  
  87  15:24  Marine  
  87  15:28  Marine  
  89  15:30  Command Center  
  89  15:32  Marine x2  
  89  15:35  Marine  
  92  15:37  Marine x2  
  92  15:42  Marine  
  95  15:43  Command Center  
  95  15:45  Marine  
  95  15:46  Viking x2  
  95  15:47  Marine x2  
  102  15:50  Marine x2  
  102  15:53  Marine  
  102  15:55  Marine x2  
  107  16:00  Marine  
  107  16:01  SCV x3  
  107  16:03  Marine  
  112  16:05  Marine x2  
  112  16:08  Marine x2  
  112  16:11  Marine  
  113  16:13  Marine x2  
  113  16:18  Marine  
  116  16:21  Marine  
  116  16:23  Marine x2  
  119  16:25  Marine x2  
  119  16:28  Marine  
  119  16:31  Marine x2  
  124  16:36  Marine  
  124  16:39  Marine  
  120  16:41  Marine x2  
  120  16:43  Marine x2  
  120  16:46  Marine  
  112  16:48  Marine  
  112  16:49  Marine  
  104  16:55  Missile Turret  
  104  17:00  Marine x2  
  82  17:03  Marine  
  82  17:05  Marine x2  
  84  17:11  Missile Turret  
  79  17:26  Marauder x3, Marine  
  82  17:30  Marine  
  81  17:53  Planetary Fortress  
  81  17:59  Planetary Fortress, Missile Turret  
  81  18:05  SCV x2  
  83  18:06  SCV  
  84  18:17  Marauder x2  
  88  18:25  Marine x2  
  88  18:26  Marine x5  
  95  18:33  Missile Turret  
  95  18:37  Missile Turret  
  95  18:38  Marine x2  
  97  18:50  Marauder, Marine x2  
  97  18:51  Marine x3  
  104  18:56  Marauder  
  104  18:57  Marauder  
  108  19:11  Marauder, Marine x3  
  108  19:12  Marine x2  
  115  19:18  Marauder x2  
  116  19:29  Marine x3  
  119  19:33  Marauder  
  119  19:39  Marauder x2  
  75  19:53  Marine x2  
  75  19:54  Marauder, Marine x4  
  72  20:01  Marauder x2  
  76  20:11  Marine x3  
  76  20:12  Refinery, Marine x2  
Show
View Real Time Build Order
Export as new Build Order

IIIIIIII Terran - Winner!

Build Orders:  

Get SALT Encoding   

  12  0:01  SCV  
  13  0:15  SCV  
  13  0:19  Supply Depot  
  14  0:27  SCV  
  15  0:33  Refinery  
  15  0:41  SCV  
  16  0:53  SCV  
  17  0:59  Barracks  
  17  1:05  SCV  
  18  1:12  Barracks  
  18  1:16  Refinery  
  18  1:17  SCV  
  19  1:27  Supply Depot  
  19  1:30  SCV  
  20  1:45  Barracks  
  20  1:47  SCV  
  20  1:52  Barracks Tech Lab  
  21  2:00  SCV, Barracks Tech Lab  
  22  2:11  Marauder  
  22  2:12  SCV  
  25  2:19  Marauder  
  27  2:27  Bunker  
  27  2:43  Marauder  
  27  2:44  Marauder, Barracks Tech Lab  
  31  3:14  Barracks Tech Lab  
  31  3:31  SCV  
  31  3:42  Supply Depot  
  31  3:56  Factory  
  31  4:04  Marauder x2  
  31  4:08  Supply Depot  
  37  4:10  Marauder  
  35  4:25  Marauder x2  
  39  4:36  Marauder  
  41  4:40  Starport, Factory Reactor  
  41  4:47  Marauder  
  41  4:50  Barracks  
  43  4:58  Stimpack  
  43  5:06  Marauder  
  45  5:13  Supply Depot  
  45  5:26  Medivac  
  47  5:35  Marauder  
  49  5:36  Marauder  
  49  5:38  SCV  
  52  5:49  Marauder  
  54  6:00  Supply Depot  
  54  6:07  Supply Depot  
  54  6:21  Medivac  
  44  6:43  Marauder x3  
  44  6:55  Concussive Shells  
  44  6:56  Barracks Reactor  
  44  6:57  Medivac  
  46  7:04  Marauder, Marine  
  46  7:05  Marauder  
  41  7:13  Medivac  
  43  7:22  Marauder  
  45  7:26  Marauder  
  45  7:29  Marauder  
  49  7:43  Marauder  
  51  7:47  Marauder  
  51  7:50  Marauder  
  55  7:54  Medivac  
  57  8:05  Marauder  
  59  8:08  Orbital Command  
  59  8:09  Marauder  
  61  8:39  Marauder  
  62  8:49  Command Center  
  62  8:58  Marine  
  62  8:59  Marine x3  
  62  9:00  Marine  
  67  9:16  Marine  
  68  9:17  Marine  
  68  9:18  Marauder  
  71  9:24  Supply Depot  
  71  9:45  Marine  
  38  10:28  Marine  
  38  10:29  Marine x3  
  38  10:30  Marauder  
  44  10:46  Marine x2  
  44  10:47  Marine x2  
  45  10:51  Marine  
  41  11:04  Marine x2  
  41  11:05  Marauder x2  
  41  11:07  SCV x2  
  41  11:09  Marauder  
  51  11:19  SCV  
  51  11:22  Marine x2  
  54  11:26  Marine  
  54  11:27  Marauder  
  54  11:30  Marine  
  60  11:47  Marauder, Marine x2  
  60  11:48  Marauder, Marine  
  60  11:50  Medivac  
  67  11:55  SCV  
  67  11:58  SCV  
  69  12:04  Marine  
  69  12:07  SCV  
  46  12:37  Marauder, Marine x3  
  46  12:38  Marine  
  45  13:20  Marine x2  
  45  13:21  Marine x2  
  45  13:22  Marauder  
  45  13:24  Viking x2  
  55  13:38  Marine x2  
  55  13:39  Marine x2  
  57  13:42  Marine  
  56  13:54  Viking x2  
  59  14:02  Marine x4  
  63  14:03  Marauder  
  65  14:20  Marine x2  
  40  15:35  Viking x2  
  44  15:50  Marine x3  
  44  15:51  Marine x2  
  49  16:03  Starport  
  49  16:04  Viking  
  49  16:05  Viking, Starport  
  49  16:08  Marine  
  52  16:37  Orbital Command  
  52  16:51  Viking x3  
  52  16:52  Viking  
  60  17:21  Viking x3  
  62  18:17  Viking x2  
  66  18:22  Marine x2  
  66  18:50  Marine x3  
  66  18:51  Marine x2  
  63  19:08  Marine x4  
  63  19:09  Marine  
  56  19:26  Marine x5  
  61  19:44  Marine x5  
  66  20:01  Marine  
  66  20:02  Marine x4  
Show
View Real Time Build Order
Export as new Build Order

Mojho Zerg - Winner!

Build Orders: Pool First 

Get SALT Encoding   

  12  0:01  Drone  
  13  0:12  Overlord  
  13  0:19  Drone  
  14  0:25  Extractor  
  14  0:26  Drone  
  14  0:33  Drone  
  15  0:46  Spawning Pool  
  14  0:51  Drone  
  14  0:54  Drone  
  16  1:00  Drone  
  17  1:07  Drone  
  18  1:30  Hatchery  
  17  1:35  Metabolic Boost  
  17  1:40  Drone  
  18  1:51  Zergling x2  
  18  1:52  Zergling x2  
  20  1:56  Zergling x2  
  21  2:10  Overlord  
  21  2:11  Queen  
  22  2:20  Spine Crawler  
  21  2:29  Spine Crawler  
  21  2:33  Drone x2  
  23  2:42  Drone  
  24  3:08  Spine Crawler  
  20  3:28  Zergling x12  
  20  3:29  Zergling x6  
  29  3:41  Drone  
  29  3:42  Drone  
  29  3:46  Queen  
  33  3:56  Zergling x2  
  33  3:57  Zergling x2  
  33  4:01  Overlord x2  
  35  4:23  Zergling x4  
  35  4:24  Zergling x4  
  39  4:26  Queen  
  39  4:30  Extractor  
  39  4:31  Lair, Extractor  
  39  4:40  Zergling x4  
  39  4:41  Baneling Nest  
  40  4:54  Drone  
  40  4:55  Drone x2  
  40  4:59  Zergling x2  
  44  5:09  Drone x3, Evolution Chamber  
  44  5:12  Drone, Evolution Chamber, Extractor  
  45  5:18  Drone  
  46  5:22  Drone  
  46  5:28  Zergling x4  
  49  5:46  Zergling x2  
  49  5:47  Zergling x6  
  45  5:56  Drone x2  
  47  5:58  Spire  
  46  6:08  Drone x3  
  46  6:09  Drone  
  50  6:17  Zerg Melee Weapons Level 1  
  50  6:20  Drone  
  50  6:24  Drone  
  51  6:26  Overlord  
  47  6:39  Zergling x2  
  41  6:47  Drone  
  41  6:48  Drone x4  
  41  6:49  Drone  
  47  7:05  Roach Warren  
  47  7:06  Drone x2  
  48  7:13  Drone  
  49  7:19  Zerg Flyer Weapons Level 1, Mutalisk  
  49  7:22  Overlord  
  51  7:25  Overlord  
  51  7:26  Overseer  
  51  7:30  Baneling x3  
  51  7:33  Drone  
  51  7:36  Overlord  
  52  7:44  Mutalisk x2  
  56  7:53  Mutalisk x2  
  56  7:58  Zergling x6  
  61  7:59  Zergling x2  
  61  8:01  Baneling  
  61  8:02  Baneling x2  
  64  8:11  Mutalisk x2  
  68  8:24  Hatchery  
  67  8:33  Mutalisk x3  
  73  8:42  Mutalisk  
  73  8:45  Overlord x2  
  75  8:51  Zerg Melee Weapons Level 2  
  75  8:54  Zergling x2  
  76  8:57  Overlord  
  76  9:03  Overlord  
  76  9:05  Mutalisk  
  76  9:09  Zergling x4  
  80  9:21  Mutalisk x2  
  80  9:22  Mutalisk  
  86  9:29  Zergling x4  
  88  9:32  Baneling x2  
  88  9:33  Baneling x2, Extractor x2  
  86  9:44  Mutalisk x2  
  90  9:52  Mutalisk x2  
  94  10:10  Mutalisk x4  
  90  10:23  Mutalisk  
  90  10:27  Zergling x14  
  96  10:36  Queen  
  96  10:38  Drone  
  99  10:43  Zergling x4  
  87  10:55  Drone x2  
  89  10:59  Mutalisk x3  
  95  11:07  Zergling x8  
  99  11:17  Mutalisk x2  
  99  11:23  Mutalisk x2  
  101  11:26  Zergling x2  
  101  11:27  Zergling x2  
  103  11:33  Drone x2  
  103  11:35  Drone  
  106  11:42  Overlord x2  
  106  11:52  Zerg Flyer Weapons Level 2  
  106  11:55  Overlord  
  106  12:01  Mutalisk x2  
  106  12:04  Zergling x2  
  111  12:15  Zergling x2  
  111  12:16  Zergling x12  
  108  12:27  Mutalisk  
  108  12:28  Mutalisk x2  
  105  12:31  Zergling x4  
  105  12:36  Baneling  
  107  12:37  Baneling x4  
  106  12:46  Mutalisk  
  106  12:47  Mutalisk  
  106  12:49  Zergling x2  
  106  12:50  Zergling x4  
  113  13:05  Mutalisk x4  
  103  13:17  Mutalisk x2  
  101  13:22  Zergling x4  
  101  13:23  Zergling x6  
  106  13:27  Baneling  
  106  13:28  Baneling x3  
  106  13:29  Baneling  
  106  13:43  Baneling x6  
  106  13:50  Zergling x2  
  106  13:51  Zergling x12  
  113  14:02  Mutalisk x2  
  111  14:06  Zergling x6  
  118  14:25  Mutalisk x3  
  124  14:34  Mutalisk  
  126  14:42  Mutalisk  
  126  14:45  Zergling x4  
  130  14:47  Overlord  
  130  14:48  Overlord x4  
  130  15:00  Overlord  
  130  15:01  Overlord x2  
  109  15:22  Zergling x2  
  109  15:23  Zergling x10  
  109  15:35  Mutalisk x3  
  111  15:50  Infestation Pit  
  110  16:02  Zerg Ground Armor Level 1  
  110  16:07  Zerg Flyer Armor Level 1, Mutalisk  
  110  16:08  Mutalisk x3  
  118  16:20  Zergling x2  
  118  16:21  Zergling x14  
  126  16:29  Mutalisk  
  126  16:30  Mutalisk x2  
  130  16:39  Zergling x8  
  134  16:40  Zergling x4  
  136  16:51  Mutalisk x2  
  140  17:06  Mutalisk x2  
  140  17:07  Mutalisk  
  126  17:29  Mutalisk x3  
  132  17:45  Overseer  
  132  17:46  Overseer  
  109  18:01  Zergling x22  
  120  18:16  Mutalisk x2  
  120  18:17  Mutalisk  
  126  18:30  Mutalisk x3  
  132  18:43  Hatchery  
  131  18:51  Mutalisk x3  
  94  19:35  Mutalisk x2  
  98  19:38  Zergling x2  
  98  19:39  Zergling x14  
  106  19:58  Zergling x10  
Show
View Real Time Build Order
Export as new Build Order

Loken Protoss 

Build Orders: Colossus Rush 

Get SALT Encoding   

  12  0:01  Probe (Chrono Boost)  
  13  0:15  Probe (Chrono Boost)  
  13  0:18  Pylon  
  14  0:27  Probe (Chrono Boost)  
  15  0:39  Gateway  
  15  0:41  Assimilator  
  15  0:43  Probe (Chrono Boost)  
  16  0:55  Probe (Chrono Boost)  
  17  1:06  Probe (Chrono Boost)  
  17  1:11  Assimilator  
  18  1:17  Probe (Chrono Boost)  
  19  1:27  Cybernetics Core  
  19  1:29  Zealot, Pylon  
  21  1:34  Probe (Chrono Boost)  
  22  1:44  Probe (Chrono Boost)  
  23  1:55  Probe (Chrono Boost)  
  24  2:15  Probe (Chrono Boost)  
  25  2:18  Warp Gate  
  25  2:24  Robotics Facility  
  25  2:32  Probe (Chrono Boost)  
  25  2:34  Stalker  
  28  2:41  Nexus  
  28  2:44  Probe (Chrono Boost)  
  29  2:50  Gateway  
  29  2:55  Pylon  
  29  2:59  Probe (Chrono Boost)  
  30  3:08  Gateway  
  30  3:22  Robotics Bay  
  30  3:25  Pylon  
  30  3:28  Observer  
  31  3:46  Probe (Chrono Boost)  
  32  3:49  Assimilator  
  32  3:54  Assimilator  
  32  3:56  Probe (Chrono Boost)  
  32  3:57  Probe (Chrono Boost)  
  34  4:07  Probe (Chrono Boost)  
  35  4:11  Colossus  
  41  4:17  Probe x2 (Chrono Boost)  
  43  4:28  Probe x2 (Chrono Boost)  
  43  4:30  Extended Thermal Lance  
  47  4:38  Probe x2 (Chrono Boost)  
  47  4:48  Stalker x3  
  47  4:49  Probe (Chrono Boost)  
  54  5:04  Probe (Chrono Boost)  
  54  5:06  Probe (Chrono Boost)  
  56  5:13  Colossus  
  62  5:20  Pylon  
  62  5:22  Pylon  
  62  5:28  Pylon  
  62  5:38  Probe x2 (Chrono Boost)  
  64  5:48  Probe x2 (Chrono Boost)  
  66  5:55  Stalker x3  
  72  5:59  Probe x2 (Chrono Boost)  
  74  6:06  Colossus  
  80  6:46  Stalker x2  
  80  6:47  Stalker  
  84  7:01  Colossus  
  70  7:30  Stalker x3  
  70  7:35  Gateway  
  70  7:36  Gateway  
  76  7:38  Gateway  
  76  7:41  Gateway x2  
  76  7:44  Pylon  
  76  7:45  Pylon  
  76  7:53  Pylon  
  76  7:54  Pylon  
  76  8:05  Nexus  
  76  8:06  Stalker x2  
  76  8:07  Stalker  
  76  8:08  Pylon  
  76  8:10  Pylon  
  76  8:11  Colossus  
  88  8:20  Observer Gravitic Boosters  
  88  8:40  Stalker  
  88  8:41  Stalker x5  
  94  8:42  Stalker x2  
  104  9:02  Assimilator, Probe (Chrono Boost)  
  105  9:04  Probe (Chrono Boost)  
  105  9:06  Assimilator  
  106  9:13  Probe (Chrono Boost)  
  106  9:15  Probe (Chrono Boost)  
  108  9:23  Stalker x3, Probe (Chrono Boost)  
  108  9:24  Stalker x3  
  119  9:25  Probe (Chrono Boost)  
  122  9:34  Probe (Chrono Boost)  
  122  9:36  Probe x2 (Chrono Boost)  
  125  9:45  Probe (Chrono Boost)  
  126  9:46  Probe x2 (Chrono Boost)  
  128  9:55  Probe (Chrono Boost)  
  128  9:57  Probe (Chrono Boost)  
  130  10:06  Probe (Chrono Boost)  
  125  10:07  Probe (Chrono Boost)  
  118  10:16  Probe (Chrono Boost)  
  118  10:18  Probe (Chrono Boost)  
  80  10:23  Stalker x3  
  80  10:24  Stalker x5  
  80  10:32  Twilight Council  
  80  10:38  Disruptor  
  83  10:45  Gravitic Drive  
  83  10:49  Stalker x5  
  93  10:50  Stalker x3  
  99  11:13  Disruptor  
  99  11:16  Stalker x5  
  99  11:17  Stalker x3  
  118  11:24  Blink  
  118  11:44  Stalker  
  118  11:45  Stalker x5  
  118  11:46  Stalker x2  
  122  12:42  Stalker x5  
  122  12:43  Stalker x3  
  134  13:27  Stalker x4  
  134  13:28  Stalker x3  
  134  13:34  Nexus  
  148  13:35  Pylon  
  148  13:37  Pylon  
  86  14:20  Dark Shrine  
  86  14:29  Stalker x4  
  86  14:30  Stalker x4  
  102  14:58  Forge  
  102  14:59  Forge  
  102  15:05  Assimilator  
  102  15:09  Assimilator  
  85  15:26  Stalker x6  
  85  15:27  Stalker x2  
  97  15:43  Photon Cannon  
  97  15:47  Photon Cannon  
  97  15:48  Photon Cannon  
  97  16:05  Dark Templar x2  
  97  16:06  Dark Templar x2  
  83  16:49  Dark Templar  
  83  16:50  Dark Templar x5  
  83  16:51  Dark Templar x2  
  36  17:50  Stalker x6  
  36  17:51  Stalker x2  
  45  18:17  Stalker x2  
  45  18:18  Stalker x6  
Show
View Real Time Build Order
Export as new Build Order

dallaskuken Protoss 

Build Orders:  

Get SALT Encoding   

  12  0:01  Probe (Chrono Boost)  
  13  0:11  Probe (Chrono Boost)  
  14  0:19  Pylon  
  14  0:22  Probe (Chrono Boost)  
  15  0:37  Probe (Chrono Boost)  
  15  0:40  Gateway  
  16  0:51  Gateway  
  16  0:55  Assimilator  
  16  0:57  Probe (Chrono Boost)  
  17  1:08  Probe (Chrono Boost)  
  19  1:18  Probe (Chrono Boost)  
  19  1:23  Assimilator  
  19  1:31  Cybernetics Core  
  19  1:35  Zealot  
  21  1:53  Probe (Chrono Boost)  
  22  2:00  Warp Gate  
  22  2:03  Probe (Chrono Boost)  
  23  2:17  Pylon  
  23  2:32  Pylon  
  23  2:35  Stalker x2  
  23  2:37  Probe (Chrono Boost)  
  28  2:49  Twilight Council, Probe (Chrono Boost)  
  29  3:01  Probe (Chrono Boost)  
  30  3:11  Pylon  
  31  3:13  Probe (Chrono Boost)  
  31  3:14  Gateway  
  31  3:19  Gateway  
  31  3:24  Sentry  
  31  3:27  Mothership Core (Chrono Boost)  
  35  3:31  Charge  
  35  3:41  Forge  
  35  4:16  Zealot  
  35  4:17  Zealot x3  
  39  4:18  Templar Archives  
  43  4:38  Pylon  
  43  4:39  Zealot  
  43  4:40  Pylon  
  43  4:42  Pylon  
  43  4:43  Psionic Storm  
  45  5:21  Nexus  
  45  5:23  Pylon  
  45  5:27  Zealot  
  47  5:53  High Templar x2  
  51  6:06  Zealot x2  
  49  6:48  High Templar x2  
  33  7:26  Zealot x4  
  33  7:28  Probe (Chrono Boost)  
  40  7:34  Probe (Chrono Boost)  
  41  7:39  Probe (Chrono Boost)  
  42  7:46  Probe (Chrono Boost)  
  42  7:49  Probe (Chrono Boost)  
  44  8:00  Probe (Chrono Boost)  
  45  8:08  Gateway  
  45  8:10  Gateway  
  45  8:11  Gateway, Probe (Chrono Boost)  
  45  8:12  Gateway  
  46  8:13  Protoss Ground Weapons Level 1  
  46  8:16  Zealot  
  46  8:17  Zealot x3  
  54  8:27  Probe (Chrono Boost)  
  55  8:38  Probe (Chrono Boost)  
  56  8:51  Zealot  
  56  8:52  Zealot x3  
  64  9:02  Probe (Chrono Boost)  
  65  9:04  Assimilator  
  65  9:07  Assimilator  
  65  9:12  Pylon, Probe (Chrono Boost)  
  65  9:13  Pylon  
  65  9:14  Pylon  
  66  9:24  High Templar x4  
  66  9:25  High Templar  
  66  9:27  Archon  
  66  9:29  Archon  
  33  10:28  Zealot x3  
  33  10:29  Zealot x5  
  49  10:37  Protoss Ground Weapons Level 2  
  41  10:55  High Templar x2  
  37  10:57  Stalker x2  
  37  11:00  Archon  
  41  11:57  Zealot x4  
  41  11:58  Zealot x4  
  35  13:14  Nexus  
  35  13:55  Nexus  
  35  14:10  Nexus  
  35  15:45  Probe (Chrono Boost)  
  35  15:49  Assimilator  
  36  15:53  Assimilator  
  36  15:56  Probe (Chrono Boost)  
  37  16:00  Assimilator  
  37  16:04  Assimilator  
  37  16:05  High Templar x3  
  37  16:06  High Templar, Probe (Chrono Boost)  
  37  16:09  Zealot x3  
  37  16:10  Zealot  
  54  16:13  Archon x2  
  54  16:17  Probe (Chrono Boost)  
  55  16:28  Probe (Chrono Boost)  
  45  16:56  High Templar x3  
  51  17:20  High Templar  
  51  17:48  Stalker x4  
  51  17:49  Stalker  
  61  18:13  Zealot x4  
  61  18:14  Zealot x4  
Show
View Real Time Build Order
Export as new Build Order

Myran Protoss 

Build Orders:  

Get SALT Encoding   

  12  0:01  Probe (Chrono Boost)  
  13  0:20  Pylon  
  13  0:21  Probe (Chrono Boost)  
  14  0:48  Probe (Chrono Boost)  
  15  0:51  Forge  
  15  0:59  Probe (Chrono Boost)  
  16  1:06  Pylon  
  16  1:11  Probe (Chrono Boost)  
  17  1:26  Photon Cannon  
  17  1:28  Photon Cannon  
  17  1:33  Probe (Chrono Boost)  
  17  1:38  Gateway  
  18  1:42  Assimilator  
  18  1:44  Probe (Chrono Boost)  
  19  1:55  Pylon  
  19  2:16  Photon Cannon  
  19  2:19  Photon Cannon  
  19  2:22  Photon Cannon  
  19  2:31  Probe (Chrono Boost)  
  20  2:39  Cybernetics Core  
  20  2:41  Probe (Chrono Boost)  
  21  2:57  Photon Cannon  
  21  3:01  Pylon  
  21  3:10  Photon Cannon  
  21  3:22  Photon Cannon  
  21  3:25  Photon Cannon  
  21  3:35  Probe (Chrono Boost)  
  22  3:45  Probe (Chrono Boost)  
  23  3:56  Probe (Chrono Boost)  
  23  3:59  Assimilator  
  23  4:02  Pylon, Nexus  
  24  4:07  Probe (Chrono Boost)  
  25  4:36  Probe (Chrono Boost)  
  25  4:46  Stargate  
  25  4:47  Pylon  
  25  4:49  Pylon  
  25  4:56  Assimilator  
  25  5:00  Assimilator  
  25  5:02  Warp Gate  
  25  5:03  Gateway  
  25  5:04  Probe (Chrono Boost)  
  26  5:18  Probe (Chrono Boost)  
  26  5:21  Probe (Chrono Boost)  
  28  5:29  Probe (Chrono Boost)  
  28  5:31  Probe (Chrono Boost)  
  30  5:38  Void Ray  
  30  5:42  Probe (Chrono Boost)  
  35  5:44  Photon Cannon  
  35  5:53  Probe (Chrono Boost)  
  36  5:58  Pylon  
  36  5:59  Pylon  
  36  6:10  Stargate  
  36  6:11  Stargate  
  36  6:16  Void Ray  
  36  6:25  Probe (Chrono Boost)  
  41  6:36  Probe (Chrono Boost)  
  42  6:46  Probe (Chrono Boost)  
  43  6:53  Void Ray  
  43  6:56  Protoss Air Weapons Level 1  
  47  7:06  Void Ray  
  47  7:15  Probe (Chrono Boost)  
  52  7:18  Void Ray  
  56  7:27  Probe (Chrono Boost)  
  57  7:30  Void Ray  
  61  7:39  Probe (Chrono Boost)  
  61  7:43  Void Ray  
  67  7:51  Probe (Chrono Boost)  
  67  7:54  Nexus  
  67  7:55  Pylon  
  67  8:01  Void Ray  
  71  8:08  Pylon  
  71  8:11  Probe (Chrono Boost)  
  72  8:15  Void Ray  
  72  8:23  Probe (Chrono Boost)  
  77  8:32  Void Ray  
  77  8:34  Pylon  
  81  8:47  Void Ray  
  81  8:55  Protoss Air Armor Level 1  
  85  9:05  Void Ray  
  89  9:18  Assimilator  
  89  9:19  Void Ray  
  89  9:22  Assimilator  
  93  9:35  Pylon  
  93  10:02  Probe (Chrono Boost)  
  94  10:08  Void Ray  
  94  10:10  Pylon  
  94  10:12  Pylon, Probe (Chrono Boost)  
  94  10:13  Void Ray  
  103  10:23  Probe (Chrono Boost)  
  103  10:27  Void Ray  
  108  10:45  Void Ray  
  108  11:01  Void Ray  
  112  11:04  Void Ray  
  104  11:22  Void Ray  
  94  11:42  Void Ray  
  94  11:44  Void Ray  
  101  11:59  Void Ray  
  105  12:19  Void Ray  
  101  12:27  Void Ray  
  109  12:54  Void Ray  
  107  13:14  Pylon  
  107  13:17  Pylon  
  107  13:19  Pylon  
  107  13:26  Void Ray  
  107  13:31  Void Ray  
  107  13:32  Void Ray  
  119  14:14  Void Ray  
  94  14:57  Void Ray x2  
  90  15:02  Void Ray  
  86  15:34  Void Ray x2  
  62  15:45  Void Ray  
  66  16:28  Nexus  
  38  17:10  Phoenix x2  
  38  17:13  Phoenix  
  28  17:32  Phoenix  
  30  17:38  Phoenix  
  32  17:57  Fleet Beacon  
  30  18:15  Phoenix  
  30  18:18  Phoenix  
  34  18:25  Probe (Chrono Boost)  
  35  18:36  Probe (Chrono Boost)  
  9  19:26  Phoenix  
  9  19:29  Phoenix  
Tags
 
Add a new tag
Caveats
  • Supply blocks, unpowered buildings, or Contaminate may cause inaccurate times.
  • Supply counts are checked every 10 seconds.